 Dungeon Crawl Stone Soup version 0.23-a0-636-g0ff6057 (console) character file.

67 Duffy the Conjurer (level 4, 30/30 HPs)
             Began as a Demonspawn Fire Elementalist on Dec 28, 2018.
             Quit the game on level 3 of the Dungeon.
             The game lasted 00:01:41 (1782 turns).

Duffy the Conjurer (Demonspawn Fire Elementalist)   Turns: 1782, Time: 00:01:42

Health: 30/30      AC:  4    Str:  9    XL:     4   Next: 0%
Magic:  5/7        EV: 12    Int: 17    God:
Gold:   49         SH:  0    Dex: 13    Spells: 3/7 levels left

rFire    . . .     SeeInvis .   e - +0 short sword
rCold    . . .     Gourm    .   (no shield)
rNeg     . . .     Faith    .   a - +0 robe
rPois    .         Spirit   .   (no helmet)
rElec    .         Reflect  .   (no cloak)
rCorr    .         Harm     .   (no gloves)
MR       .....                  (no boots)
Stlth    ++........             (no amulet)
HPRegen  1.10/turn              (no ring)
MPRegen  0.10/turn              (no ring)

@: no status effects
A: slimy green scales 1, powered by death 1, rot immunity
a: no special abilities


You were on level 3 of the Dungeon.
You were not hungry.

You visited 1 branch of the dungeon, and saw 3 of its levels.

You collected 49 gold pieces.

Inventory:

Hand Weapons
 e - a +0 short sword (weapon)
Armour
 a - a +0 robe (worn)
Scrolls
 b - a scroll of remove curse {unknown}
 d - a scroll of immolation {unknown}
 f - a scroll of amnesia {unknown}
 g - 3 scrolls of fog {unknown}
 h - a scroll of blinking {unknown}
 j - a scroll of enchant weapon {unknown}
 k - a scroll of magic mapping {unknown}
Potions
 l - a potion of mutation {unknown}
Comestibles
 c - 2 rations
 i - 6 chunks of flesh


   Skills:
 - Level 1.7 Dodging
 - Level 1.7 Stealth
 - Level 2.0 Spellcasting
 + Level 3.9 Conjurations
 - Level 2.6 Fire Magic


You had 3 spell levels left.
You knew the following spells:

 Your Spells              Type           Power        Failure   Level  Hunger
h - Flame Tongue          Conj/Fire      ##...        4%          1    #......
l - Conjure Flame         Conj/Fire      ##......     16%         3    ###....

Your spell library contained the following spells:

 Spells                   Type           Power        Failure   Level  Hunger
 Throw Flame              Conj/Fire      ##....       8%          2    ###....
 Inner Flame              Hex/Fire       #.......     32%         3    ###....
 Sticky Flame             Conj/Fire      ##......     45%         4    #####..
 Fireball                 Conj/Fire      ##........   80%         5    ######.


Dungeon Overview and Level Annotations

Branches:
Dungeon (3/15)

Altars:
Gozag


Innate Abilities, Weirdness & Mutations

You are partially covered in slimy green scales. (AC +2)
You regenerate a little health from kills.
You are immune to rotting.


Message History

k - a scroll labeled FAUNGA HEOSKOC
Found a viscous golden potion.
l - a viscous golden potion Magic restored.
You now have 49 gold pieces (gained 9).
There is an opulent altar of Gozag here.
A hobgoblin comes into view. It is wielding a +0 club.
The hobgoblin shouts!
You see here a pink potion.
Casting: Flame Tongue (safe; 4% risk of failure)
Confirm with . or Enter, or press ? or * to list all spells.
Aiming: Flame Tongue (safe; 4% risk of failure)
Press: ? - help, Shift-Dir - straight line, f - hobgoblin
Aim: a hobgoblin, wielding a +0 club The flame tongue hits the hobgoblin.
You kill the hobgoblin!
You have reached level 4!
You feel stronger.
Your demonic ancestry asserts itself...
You feel immune to rotting.
Are you sure you want to abandon this character and quit the game? (Confirm

#############
#...........###
#..............
#...........#..
#....).@....#..
#.......!..<#.#
#...........#.#
#...........#.#
#########+#.#.#######
.....................
###.............#
#.......###...
...#####...###.###


There were no monsters in sight!

Vanquished Creatures
  A gnoll (D:2)
  An adder (D:2)
  A worm (D:2)
  11 giant cockroaches (D:2)
  2 goblins
  4 hobgoblins
  10 jackals (D:2)
  A quokka (D:2)
  2 bats (D:2)
  2 kobolds (D:2)
  3 rats
38 creatures vanquished.

Notes
Turn   | Place    | Note
-------+----------+-------------------------------------------
     0 | D:1      | Duffy the Demonspawn Fire Elementalist began the quest for
                  | the Orb.
     0 | D:1      | Reached XP level 1. HP: 13/13 MP: 3/3
   502 | D:2      | Reached skill level 2 in Conjurations
   504 | D:2      | Gained mutation: You regenerate a little health from kills.
                  | [demonic ancestry]
   504 | D:2      | Reached XP level 2. HP: 12/19 MP: 0/5
  1045 | D:2      | Reached skill level 3 in Conjurations
  1093 | D:2      | Gained mutation: You are partially covered in slimy green
                  | scales. (AC +2) [demonic ancestry]
  1093 | D:2      | Reached XP level 3. HP: 21/24 MP: 2/6
  1611 | D:2      | Learned a level 3 spell: Conjure Flame
  1712 | D:3      | Found an opulent altar of Gozag.
  1781 | D:3      | Gained mutation: You are immune to rotting. [demonic
                  | ancestry]
  1781 | D:3      | Reached XP level 4. HP: 30/30 MP: 5/7
  1782 | D:3      | Quit the game

Vault maps used:
D:1:      nicolae_arrival_washed_ashore
D:2:      minmay_roachtagon, kennysheep_cross_bottleneck, cheibrodos_gnoll_hut
D:3:      nicolae_gozag_cash_rules_everything_around_me, cheibriados_altar_1

Skill      XL: |  1  2 |
---------------+-------+-----
Conjurations   | 2 3 |  3.9
Dodging        | |  1.7
Stealth        | |  1.7
Spellcasting   | |  2.0
Fire Magic     | |  2.6

Action                   |  1- 3 |  4- 6 || total
-------------------------+-------+-------++-------
Melee: Short sword       |    48 |       ||    48
 Cast: Flame Tongue      |    64 |     1 ||    65
  Eat: Chunk             |     4 |       ||     4
Armor: Robe              |    29 |       ||    29
Dodge: Dodged            |    65 |       ||    65

Table legend:
 A = Non-vault XP
 B = Vault XP
 C = Vault XP percentage of total XP
 D = Non-vault monster count
 E = Vault monster count
 F = Vault count percentage of total count
                 A         B        C        D         E       F
            +---------+---------+-------+---------+---------+-------
      Total |      57 |      40 |  41.2 |      24 |      14 |  36.8
            +---------+---------+-------+---------+---------+-------
        D:2 |      52 |      40 |  43.5 |      21 |      14 |  40.0
        D:3 |       5 |       0 |   0.0 |       3 |       0 |   0.0
            +---------+---------+-------+---------+---------+-------
